 Dungeon Crawl Stone Soup version 0.29-a0-885-gb26ba3297d (webtiles) character file.

Game seed: 16428102542412338863

7464 funkygono the Geomancer (level 11, -6/62 HPs)
             Began as a Gargoyle Earth Elementalist on July 20, 2022.
             Mangled by a two-headed ogre
             ... wielding a +0 giant spiked club
              (10 damage)
             ... on level 9 of the Dungeon.
             The game lasted 00:16:30 (11832 turns).

funkygono the Geomancer (GrEE)                     Turns: 11832, Time: 00:16:31

Health: -6/62      AC: 14    Str: 11    XL:     11   Next: 15%
Magic:  21/24      EV: 13    Int: 21    God:
Gold:   1334       SH:  5    Dex: 16    Spells: 23/29 levels left

rFire   . . .      SeeInvis .   N - +4 morningstar (flame)
rCold   . . .      Faith    .   (no shield)
rNeg    + . .      Spirit   .   a - +0 robe
rPois   ∞          Reflect  +   q - +0 helmet
rElec   +          Harm     .   u - +0 cloak
rCorr   .          Rampage  .   e - +0 pair of gloves
Will    .....                   A - +0 pair of boots
Stlth   ++........              j - amulet of reflection
HPRegen 0.20/turn               G - +6 ring of dexterity
MPRegen 0.19/turn               (no ring)

@: no status effects
A: sickness immunity, AC +8, negative energy resistance 1, electricity
resistance, torment resistance 1, petrification resistance
a: no special abilities


You were on level 9 of the Dungeon.
You visited 2 branches of the dungeon, and saw 10 of its levels.

You collected 1334 gold pieces.

Inventory:

Hand Weapons
 n - a +0 flail
 s - the +12 dagger of Ycugeapoma {antimagic, Dex+4}
   (You found it on level 2 of the Dungeon)

   It reduces the magical energy of the wielder, and disrupts the spells and
   magical abilities of those it strikes.
   Natural abilities and divine invocations are not affected.
   Dex:       It affects your dexterity (+4).
 t - a +2 quarterstaff of chaos
 v - a +0 hammer of electrocution
 z - a +0 whip
 F - the +4 dagger "Kohawk" {vorpal, rC+ Dex+7}
   (You took it off a hobgoblin on level 4 of the Dungeon)

   It inflicts extra damage upon your enemies.
   Dex:       It affects your dexterity (+7).
   rC:        It protects you from cold.
 J - a +1 mace
 N - a +4 morningstar of flaming (weapon)
Armour
 a - a +0 robe (worn)
 e - a +0 pair of gloves (worn)
 g - a +0 buckler
 h - a +0 leather armour
 q - a +0 helmet (worn)
 u - a +0 cloak (worn)
 A - a +0 pair of boots (worn)
 L - the +9 chain mail "Jige" {rC+}
   (You found it on level 9 of the Dungeon)

   rC:        It protects you from cold.
Magical Staves
 r - a staff of earth
 B - a staff of fire
Jewellery
 j - an amulet of reflection (around neck)
 x - an amulet of guardian spirit
 G - a +6 ring of dexterity (left hand)
Wands
 i - a wand of flame (9)
 p - a wand of light (2)
 C - a wand of digging (5)
 I - a wand of roots (4)
Scrolls
 y - a scroll of poison
 D - a scroll of amnesia
 O - a scroll of identify
Potions
 b - 2 potions of magic
 c - 3 potions of cancellation
 d - a potion of ambrosia {unknown}
 f - 3 potions of might
 k - 2 potions of attraction
 l - 2 potions of heal wounds
 m - 4 potions of curing
 o - a potion of lignification {unknown}
 w - a potion of haste
 E - 3 potions of mutation
 H - a potion of flight {unknown}
 K - a potion of resistance {unknown}
 M - a potion of degeneration {unknown}


   Skills:
 * Level 4.9 Fighting
 * Level 3.9 Maces & Flails
 + Level 3.0 Dodging
 - Level 2.1 Stealth
 + Level 1.6 Shields
 * Level 9.9 Spellcasting
 * Level 4.1 Conjurations
 + Level 0.7 Transmutations
 * Level 4.3 Fire Magic
 * Level 11.5 Earth Magic


You had 23 spell levels left.
You knew the following spells:

 Your Spells              Type           Power      Damage    Failure   Level
a - Sandblast             Erth           100%       2d20      1%          1
b - Passwall              Tmut/Erth      30%        N/A       1%          2
c - Stone Arrow           Conj/Erth      86%        3d12      1%          3

Your spell library contained the following spells:

 Spells                   Type           Power      Damage    Failure   Level
 Petrify                  Tmut/Erth      36%        N/A       5%          4
 Animate Armour           Summ/Erth      68%        N/A       6%          4
 Ozocubu's Armour         Ice            10%        N/A       21%         3
 Animate Dead             Necr           10%        N/A       54%         4
 Haunt                    Necr/Summ      5%         N/A       100%        7
 Ozocubu's Refrigeration  Ice            5%         4d6       100%        7
 Infestation              Necr           5%         N/A       100%        8
 Lehudib's Crystal Spear  Conj/Erth      21%        10d6      100%        8


Dungeon Overview and Level Annotations

Branches:
Dungeon (9/15)             Temple (1/1) D:4             Orc (0/2) D:9
   Lair: D:8-11

Altars:
Ashenzari
Cheibriados
Dithmenos
Elyvilon
Fedhas
Gozag
Hepliaklqana
Kikubaaqudgha
Makhleb
Nemelex Xobeh
Okawaru
Qazlal
Ru
Sif Muna
Trog
Uskayaw
Wu Jian
Xom
Zin
The Shining One


Innate Abilities, Weirdness & Mutations

You are immune to sickness and miasma.
Your stone body is resilient. (AC +8)
You are immune to poison.
You resist negative energy. (rN+)
You are resistant to electric shocks. (rElec)
You are resistant to unholy torment.
You are immune to petrification.


Message History

The two-headed ogre attacks as you move away!
The two-headed ogre hits you but does no damage.
You block the two-headed ogre's attack.
The two-headed ogre attacks as you move away!
The two-headed ogre completely misses you.
You block the two-headed ogre's attack.
There is an open door, spattered with blood here.
You see here a +0 giant club.
Casting: Sandblast (safe; 1% risk of failure)
Confirm with . or Enter, or press ? or * to list all spells.
Aiming: Stone Arrow (safe; 1% risk of failure)
Press: ? - help, Shift-Dir - straight line, f - two-headed ogre
Aim: a two-headed ogre, wielding a +0 giant spiked club and a +0 giant club (89% to hit)
The stone arrow hits the two-headed ogre!!
The two-headed ogre is heavily wounded.
Unknown command.
Things that are here:
a +0 giant spiked club; a +0 giant club; a two-headed ogre skeleton
Things that are here:
a +0 giant club; an ogre skeleton The two-headed ogre attacks as you move away!
The two-headed ogre hits you with a +0 giant spiked club!
The two-headed ogre hits you with a +0 giant club!
The two-headed ogre attacks as you move away!
The two-headed ogre hits you with a +0 giant spiked club!
* * * LOW HITPOINT WARNING * * *
The two-headed ogre completely misses you.
Casting: Stone Arrow (safe; 1% risk of failure)
Confirm with . or Enter, or press ? or * to list all spells.
Aiming: Stone Arrow (safe; 1% risk of failure)
Press: ? - help, Shift-Dir - straight line, f/p - two-headed ogre
Aim: a two-headed ogre, wielding a +0 giant spiked club and a +0 giant club (moderately wounded, 89% to hit)
The stone arrow hits the two-headed ogre!!
The two-headed ogre is severely wounded.
Unknown command.
The two-headed ogre attacks as you move away!
The two-headed ogre hits you with a +0 giant spiked club!
* * * LOW HITPOINT WARNING * * *
The two-headed ogre hits you with a +0 giant club!
You die...

##.....#)#.# #.#.#.#
.......#.#.# #.#.#.#
###....#.#.# #.#.#.#
.......#.#.# #.#.#.##
.......#.#.# #.#....#
[......#.#.# #.#.####
[......#...# #.#...#
.......##########.#.#.##
###............O@.#....#
#[.#.#################
######


You could see a two-headed ogre.

Vanquished Creatures
  2 two-headed ogres (D:9)
  A dancing weapon (D:6)
  The ghost of gruber the Destroyer, a novice DECj (D:6)
  Grinder (D:3)
  6 yaks (D:8)
  Eustachio (D:4)
  2 steam dragons
  Duvessa (D:6)
  A water moccasin (D:5)
  2 ice beasts
  An orc warrior (D:6)
  3 sky beasts
  2 black bears (D:7)
  13 ogres
  2 centaurs
  2 phantoms
  2 kobold brigands (D:6)
  2 bullfrogs
  A scorpion (D:5)
  Dowan (D:6)
  8 wights
  12 killer bees (D:8)
  Crazy Yiuf (D:2)
  2 jellies
  An orc priest (D:9)
  Ijyb (D:3)
  4 iguanas
  2 orc wizards
  4 gnolls
  2 adders (D:2)
  A shadow imp (D:8)
  A white imp (D:7)
  An ufetubus (D:4)
  2 worms
  3 dart slugs
  17 orcs
  6 endoplasms
  3 giant cockroaches (D:1)
  6 goblins
  7 hobgoblins
  2 jackals (D:3)
  5 quokkas
  5 ball pythons
  7 bats
  4 frilled lizards
  8 kobolds
  6 rats
168 creatures vanquished.

Notes
Turn   | Place    | Note
-------+----------+-------------------------------------------
     0 | D:1      | funkygono the Gargoyle Earth Elementalist began the quest
                  | for the Orb.
     0 | D:1      | Reached XP level 1. HP: 10/10 MP: 3/3
   147 | D:1      | Reached skill level 4 in Earth Magic
   267 | D:1      | Reached XP level 2. HP: 15/15 MP: 0/5
   327 | D:1      | Learned a level 2 spell: Passwall
   466 | D:1      | Found a faded altar of an unknown god.
  1150 | D:1      | Reached XP level 3. HP: 19/19 MP: 4/6
  1154 | D:1      | Learned a level 3 spell: Stone Arrow
  1276 | D:2      | Found a stormy altar of Qazlal.
  1730 | D:2      | Identified the +12 dagger of Ycugeapoma {antimagic, Dex+4}
  1801 | D:2      | Reached XP level 4. HP: 24/24 MP: 4/8
  1875 | D:2      | Found a runed translucent door.
  1876 | D:2      | Noticed Crazy Yiuf
  1884 | D:2      | Killed Crazy Yiuf
  2647 | D:3      | Noticed Ijyb
  2653 | D:3      | Killed Ijyb
  2654 | D:3      | Reached XP level 5. HP: 14/28 MP: 4/11
  2927 | D:3      | Noticed Grinder
  2928 | D:3      | Paralysed by Grinder for 4 turns
  2943 | D:3      | Paralysed by Grinder for 3 turns
  2945 | D:3      | Killed Grinder
  2946 | D:3      | Reached skill level 6 in Earth Magic
  2946 | D:3      | Reached XP level 6. HP: 4/33 MP: 5/13
  3309 | D:3      | Found a hide-covered altar of Uskayaw.
  3681 | D:4      | Reached skill level 5 in Spellcasting
  3779 | D:4      | Found a staircase to the Ecumenical Temple.
  3972 | Temple   | Entered the Ecumenical Temple
  4278 | D:4      | Reached XP level 7. HP: 37/37 MP: 10/14
  4338 | D:4      | Noticed Eustachio
  4385 | D:4      | Killed Eustachio
  4717 | D:4      | Found a burning altar of Makhleb.
  4717 | D:4      | Noticed a cacodemon
  4919 | D:4      | Identified the +4 dagger "Kohawk" {vorpal, rC+ Dex+7}
  5156 | D:5      | Entered Level 5 of the Dungeon
  5239 | D:5      | Reached skill level 7 in Earth Magic
  5267 | D:5      | Found a snail-covered altar of Cheibriados.
  5483 | D:5      | Found a sacrificial altar of Ru.
  5544 | D:5      | Reached skill level 1 in Fighting
  5544 | D:5      | Reached XP level 8. HP: 38/43 MP: 15/17
  5846 | D:5      | Found an ancient bone altar of Kikubaaqudgha.
  5846 | D:5      | Found an ornate altar of the Wu Jian Council.
  6017 | D:5      | HP: 2/43 [water moccasin (3)]
  6020 | D:5      | Reached skill level 1 in Maces & Flails
  6020 | D:5      | Reached skill level 8 in Earth Magic
  6383 | D:5      | Reached skill level 1 in Conjurations
  6491 | D:6      | Reached skill level 1 in Shields
  6491 | D:6      | Reached skill level 1 in Fire Magic
  6841 | D:6      | Noticed Dowan
  6861 | D:6      | Killed Dowan
  7050 | D:6      | Noticed Duvessa
  7057 | D:6      | Killed Duvessa
  7058 | D:6      | Reached XP level 9. HP: 28/48 MP: 3/19
  7059 | D:6      | Reached skill level 9 in Earth Magic
  7657 | D:6      | Found a runed translucent door.
  7657 | D:6      | Found a shimmering altar of Xom.
  7657 | D:6      | Noticed gruber's ghost (novice DECj)
  7662 | D:6      | Noticed a +1 rapier of chaos
  8001 | D:6      | Killed a +1 rapier of chaos
  8004 | D:6      | Killed gruber's ghost
  8522 | D:7      | Found an iron altar of Okawaru.
  8654 | D:7      | Reached XP level 10. HP: 30/56 MP: 12/22
  8673 | D:7      | Reached skill level 10 in Earth Magic
  8826 | D:7      | Found a shimmering blue altar of Sif Muna.
  8936 | D:7      | Identified a scroll of acquirement
  8936 | D:7      | Acquired 937 gold pieces
 10292 | D:9      | Identified the +9 chain mail "Jige" {rC+}
 10643 | D:9      | Found a staircase to the Orcish Mines.
 10765 | D:9      | HP: 2/58 [ogre/+0 giant spiked club (25)]
 11339 | D:8      | Reached skill level 11 in Earth Magic
 11503 | D:9      | Noticed a two-headed ogre
 11504 | D:9      | Noticed a two-headed ogre
 11538 | D:9      | Killed a two-headed ogre
 11539 | D:9      | Reached XP level 11. HP: 59/62 MP: 5/24
 11658 | D:9      | Noticed a two-headed ogre
 11665 | D:9      | Killed a two-headed ogre
 11832 | D:9      | Mangled by a two-headed ogre

Illustrated notes

Levels and vault maps discovered:
D:1:      dpeg_arrival_boxorama, layout_loops_ring,
          chequers_ecumenical_altar_island, st_stairs_6
D:2:      layout_loops_corners, basic_altar, corexii_hall_statues_deadend,
          uniq_crazy_yiuf_cottage
D:3:      layout_loops_ring, nicolae_uskayaw_dance_hall, uniq_grinder, uniq_ijyb
D:4:      layout_basic, makhleb_altar_promises_db, minmay_temple_entry_poolview,
          uniq_eustachio
D:5:      layout_gridville, kennysheep_mini_moat,
          mainiacjoe_overflow_concentric_impassable,
          gammafunk_temple_overflow_elements
D:6:      layout_basic, ebering_ghost_xom, uniq_duvessa
D:7:      layout_cave_pools, kennysheep_little_box, okawaru_metal_pillars_1_2,
          hangedman_abyss_or_decor_stagger
D:8:      layout_basic
D:9:      lemuel_ogre_cave, layout_basic, mainiacjoe_overflow_chevrons,
          enter_bailey_5, hangedman_decor_lopped, minivault_10
Temple:   chequers_temple_sunken

Skill      XL: |  1  2  3  4  5  6  7  8  9 10 11 |
---------------+----------------------------------+-----
Earth Magic    | 4 6 7 8 9 11 | 11.5
Spellcasting   | 3 4 5 6 7 8 9 |  9.9
Dodging        | 2 3 |  3.0
Fighting       | 1 2 3 4 |  4.9
Maces & Flails | 1 2 3 |  3.9
Conjurations   | 1 2 3 4 |  4.1
Shields        | 1 |  1.6
Fire Magic     | 1 2 4 |  4.3
Stealth        | |  2.1
Transmutations | |  0.7

Action                   |  1- 3 |  4- 6 |  7- 9 | 10-12 || total
-------------------------+-------+-------+-------+-------++-------
Melee: Unarmed           |    10 |       |       |       ||    10
       Mace              |       |       |    26 |    41 ||    67
       Morningstar       |       |       |       |    12 ||    12
       Punch             |       |       |       |     1 ||     1
 Cast: Sandblast         |    48 |    55 |    82 |    44 ||   229
       Stone Arrow       |       |       |    28 |    43 ||    71
  Use: Scroll            |       |     4 |     6 |     6 ||    16
 Stab: Sleeping          |       |       |     1 |       ||     1
Armor: Robe              |    19 |     4 |    43 |    55 ||   121
Dodge: Dodged            |    23 |    11 |    72 |   107 ||   213
Block: Other             |     1 |     6 |    20 |    36 ||    63
       Reflection        |       |       |     1 |     1 ||     2

Table legend: (Time is in decaauts)
 A = Elapsed time spent in this place.
 B = Non-inter-level travel time spent in this place.
 C = Inter-level travel time spent in this place.
 D = Time resting spent in this place.
 E = Time spent auto-exploring this place.
 F = Levels seen in this place.
 G = Mean time per level.
                   A        B        C        D        E       F      G
               +--------+--------+--------+--------+--------+-----+--------+
         Total |  12137 |  11823 |    314 |   1190 |   8929 |  10 | 1213.7 |
       Dungeon |  11897 |  11616 |    281 |   1190 |   8726 |   9 | 1321.9 |
        Temple |    240 |    208 |     32 |      0 |    202 |   1 |  240.0 |
               +--------+--------+--------+--------+--------+-----+--------+

Top non-repeatable levels by time:
     D:8: 1959 daAuts
     D:6: 1934 daAuts
     D:4: 1392 daAuts
     D:5: 1291 daAuts
     D:2: 1277 daAuts
     D:1: 1228 daAuts
     D:3: 1183 daAuts
     D:9: 898 daAuts
     D:7: 732 daAuts
  Temple: 240 daAuts
